 Dungeon Crawl Stone Soup version 0.23-a0-49-gd9f7a49 (webtiles) character file.

3092 galech the Cleaver (level 9, -4/79 HPs)
             Began as a Minotaur Fighter on Aug 6, 2018.
             Was a Follower of Makhleb.
             Slain by a vampire (5 damage)
             ... on level 7 of the Dungeon.
             The game lasted 00:09:10 (6037 turns).

galech the Cleaver (Minotaur Fighter)               Turns: 6037, Time: 00:09:11

Health: -4/79      AC: 12    Str: 21    XL:     9   Next: 59%
Magic:  27/27      EV: 10    Int:  5    God:    Makhleb [*.....]
Gold:   15         SH: 11    Dex: 13    Spells: 8/8 levels left

rFire    . . .     SeeInvis +   a - +1 war axe
rCold    . . .     Gourm    .   c - +0 shield
rNeg     . . .     Faith    .   D - +2 ring mail of Isochud {rElec MP+9}
rPois    +         Spirit   .   (helmet restricted)
rElec    +         Reflect  .   h - +1 cloak {rPois}
rCorr    .         Harm     .   (no gloves)
MR       .....                  r - +0 pair of boots
Stlth    +.........             (no amulet)
HPRegen  0.23/turn              e - ring of magical power
MPRegen  0.20/turn              i - ring of see invisible

@: no status effects
A: retaliatory headbutt, horns 2
a: Renounce Religion


You were on level 7 of the Dungeon.
You worshipped Makhleb.
Makhleb was aware of your devotion.
You were hungry.

You visited 2 branches of the dungeon, and saw 8 of its levels.

You collected 328 gold pieces.
You spent 313 gold pieces at shops.

Inventory:

Hand Weapons
 a - a +1 war axe (weapon)
Armour
 c - a +0 shield (worn)
 h - a +1 cloak of poison resistance (worn)
 n - a +0 plate armour
 r - a +0 pair of boots (worn)
 D - the +2 ring mail of Isochud (worn) {rElec MP+9}
   (You bought it in a shop on level 6 of the Dungeon)

   It insulates you from electricity.
   It affects your magic capacity (+9).
Jewellery
 e - a ring of magical power (left hand)
 i - a ring of see invisible (right hand)
 k - an uncursed ring of flight
Wands
 u - a wand of disintegration (6)
 z - a wand of random effects (15)
Scrolls
 b - a scroll of magic mapping
 l - a scroll of enchant weapon
 m - 2 scrolls of teleportation
 o - a scroll of enchant armour
 q - a scroll of remove curse
 v - a scroll of blinking
 x - a scroll of random uselessness
 y - a scroll of fear {unknown}
 A - a scroll of amnesia {unknown}
 B - a scroll of holy word {unknown}
 C - 3 scrolls of identify
Potions
 d - a potion of might
 g - a potion of heal wounds
 j - a potion of mutation
 p - a potion of brilliance {unknown}
 s - a potion of degeneration {unknown}
 t - 3 potions of flight
 w - 2 potions of magic {unknown}
Comestibles
 f - 13 rations
 E - 5 chunks of flesh


   Skills:
 + Level 7.3 Fighting
 + Level 9.9 Axes
 + Level 9.1 Armour
 - Level 2.0 Dodging
 - Level 0.2 Stealth
 + Level 7.4 Shields
 + Level 2.3 Invocations


You had 8 spell levels left.
You didn't know any spells.
Your spell library was empty.

Dungeon Overview and Level Annotations

Branches:
Dungeon (7/15)             Temple (1/1) D:4

Altars:
Dithmenos
Fedhas
Gozag
Hepliaklqana
Kikubaaqudgha
Makhleb
Nemelex Xobeh
Qazlal
Sif Muna
Trog
Vehumet
Wu Jian
Xom
Lugonu

Shops:
D:6 [

Annotations:
D:3 3 runed doors, mopl's ghost, amateur TeFE


Innate Abilities, Weirdness & Mutations

You reflexively headbutt those who attack you in melee.
You have a pair of horns on your head.


Message History

The vampire is heavily damaged.
The vampire hits you! You block the vampire's attack.
You completely miss the vampire.
The vampire is heavily damaged.
You block the vampire's attack. The vampire bites you.
The vampire draws strength from your injuries!
You slash the vampire!
The vampire is almost destroyed.
The vampire is infused with unholy energy.
* * * LOW HITPOINT WARNING * * *
The vampire draws life force from you and is healed!
You barely miss the vampire. You headbutt the vampire!
The vampire is almost destroyed.
The vampire is infused with unholy energy.
* * * LOW HITPOINT WARNING * * *
The vampire draws life force from you and is healed!
You slash the vampire!
The vampire is severely damaged.
The vampire hits you.
You die...

.### # ...#
####.## .#.##
.......## ....#
#.<###....# #
##...#.(..#.#
#.#####..).....#
#...####(†###..+
#.).(@#..#
#......V......
#...#..#........#
#.....##........#
...#..####.......#
#.###.. .......# #
#.. .$.....# ##.
.......


You could see a vampire (invisible).

Vanquished Creatures
  Pikel (D:5)
  Prince Ribbit (D:7)
  Sigmund (D:3)
  Menkaure (D:4)
  An orc warrior (D:6)
  4 ogres
  An ice beast (D:6)
  A slave (D:5)
  4 centaurs
  A bullfrog (D:6)
  6 scorpions
  6 killer bees
  A howler monkey (D:6)
  A crimson imp (D:7)
  A centaur zombie (D:6)
  2 hounds
  3 orc priests
  A quasit (D:5)
  A centaur skeleton (D:6)
  3 orc wizards
  7 worker ants
  3 gnolls (D:6)
  7 adders
  An adder zombie (D:6)
  2 worms
  2 dart slugs
  3 leopard geckos
  18 orcs
  A ball python (D:2)
  9 giant cockroaches
  10 goblins
  9 hobgoblins
  10 jackals
  3 quokkas
  9 bats
  7 frilled lizards
  9 kobolds
  A leopard gecko skeleton (D:4)
  6 rats
158 creatures vanquished.

Vanquished Creatures (others)
  A slave (D:5)
1 creature vanquished.

Grand Total: 159 creatures vanquished

Notes
Turn   | Place    | Note
-------+----------+-------------------------------------------
     0 | D:1      | galech the Minotaur Fighter began the quest for the Orb.
     0 | D:1      | Reached XP level 1. HP: 19/19 MP: 0/0
    91 | D:1      | Reached XP level 2. HP: 27/27 MP: 1/1
   473 | D:1      | Reached XP level 3. HP: 33/33 MP: 2/2
   789 | D:2      | Reached XP level 4. HP: 28/40 MP: 3/3
  1253 | D:2      | Found a bloodstained altar of Trog.
  1384 | D:3      | Noticed Sigmund
  1420 | D:2      | HP: 2/40 [poisoned by a kobold]
  1729 | D:3      | Killed Sigmund
  1729 | D:3      | Reached skill level 5 in Armour
  1729 | D:3      | Reached XP level 5. HP: 23/47 MP: 4/4
  1895 | D:3      | Reached skill level 5 in Fighting
  1895 | D:3      | Reached XP level 6. HP: 54/56 MP: 5/5
  2044 | D:3      | Reached skill level 5 in Axes
  2078 | D:3      | Found an opulent altar of Gozag.
  2079 | D:3      | Found a runed gate.
  2079 | D:3      | Found a runed gate.
  2079 | D:3      | Found a runed gate.
  2079 | D:3      | Noticed mopl's ghost (amateur TeFE)
  2378 | D:3      | Reached skill level 5 in Shields
  2884 | D:4      | Found a staircase to the Ecumenical Temple.
  2897 | Temple   | Entered the Ecumenical Temple
  2912 | Temple   | Became a worshipper of Makhleb the Destroyer
  2966 | D:4      | Reached XP level 7. HP: 30/61 MP: 6/6
  3274 | D:4      | Noticed Menkaure
  3279 | D:4      | Killed Menkaure
  3450 | D:4      | Found a blossoming altar of Fedhas.
  3687 | D:5      | Entered Level 5 of the Dungeon
  3782 | D:5      | Noticed Pikel
  3804 | D:5      | Killed Pikel
  3804 | D:5      | Reached skill level 1 in Dodging
  3804 | D:5      | Reached XP level 8. HP: 45/70 MP: 7/7
  3944 | D:5      | Found an opulent altar of Gozag.
  4469 | D:5      | Found a shimmering altar of Xom.
  5089 | D:6      | Reached * piety under Makhleb
  5102 | D:6      | Reached XP level 9. HP: 77/78 MP: 8/8
  5252 | D:6      | Found an ornate altar of the Wu Jian Council.
  5337 | D:6      | Found Ceutiuj's Antique Armour Boutique.
  5460 | D:6      | Reached skill level 1 in Invocations
  5939 | D:6      | Bought a runed cloak for 142 gold pieces
  5939 | D:6      | Bought a spiked ring mail for 171 gold pieces
  5954 | D:6      | Identified the +2 ring mail of Isochud {rElec MP+9} (You bought it in a shop on level 6 of the Dungeon)
  6002 | D:7      | Noticed Prince Ribbit
  6012 | D:7      | Killed Prince Ribbit
  6036 | D:7      | HP: 1/79 [vampire/vampiric draining (19)]
  6037 | D:7      | Slain by a vampire

Vault maps used:
D:1:      nzn_arrival_settlement
D:2:      lemuel_crystal_altar
D:3:      ebering_ghost_gozag, uniq_sigmund
D:4:      kennysheep_big_flooded_room, nicolae_overflow_crystal_walls,
          minmay_temple_entry_grid, uniq_menkaure
D:5:      lemuel_doored_altar, grunt_gozag_breadcrumbs, first_ration,
          kennysheep_another_room, uniq_pikel
D:6:      marbit_many_paths, serial_shops, shop
D:7:      yredelemnul_altar_generic, kennysheep_little_box,
          kennysheep_mini_moat, ebering_ghost_disaster_area,
          hangedman_minor_gate_pass, uniq_prince_ribbit1
Temple:   corrupted_temple

Skill      XL: |  1  2  3  4  5  6  7  8  9 |
---------------+----------------------------+-----
Armour         | 4 5 7 8 9 |  9.1
Fighting       | 4 5 6 7 |  7.3
Shields        | 4 5 6 7 |  7.4
Axes           | 3 4 5 7 9 |  9.9
Dodging        | 1 2 |  2.0
Invocations    | 2 |  2.3
Stealth        | |  0.2

Action                   |  1- 3 |  4- 6 |  7- 9 || total
-------------------------+-------+-------+-------++-------
Melee: War axe           |    95 |   135 |   235 ||   465
       Headbutt          |    11 |    23 |    40 ||    74
  Use: Scroll            |     2 |     4 |     3 ||     9
       Potion            |       |     4 |       ||     4
  Eat: Chunk             |       |     7 |     9 ||    16
Armor: Scale mail        |     6 |       |       ||     6
       Chain mail        |    47 |    63 |    17 ||   127
       Plate armour      |       |       |   113 ||   113
       Ring mail         |       |       |     7 ||     7
Dodge: Dodged            |    21 |    30 |    69 ||   120
Block: Shield            |    44 |    58 |   145 ||   247

Table legend:
 A = Spawn XP
 B = Non-spawn XP
 C = Spawn XP percentage of total XP
 D = Spawn monster count
 E = Non-spawn monster count
 F = Spawn count percentage of total count
 G = Total turns spent on level
                    A         B        C        D         E        F      G
               +---------+---------+-------+---------+---------+-------+---------
         Total |       0 |    4418 |   0.0 |       0 |     157 |   0.0 |  6037
               +---------+---------+-------+---------+---------+-------+---------
           D:1 |       0 |      46 |   0.0 |       0 |      28 |   0.0 |   633
           D:2 |       0 |      93 |   0.0 |       0 |      24 |   0.0 |  1066
           D:3 |       0 |     473 |   0.0 |       0 |      32 |   0.0 |  1045
           D:4 |       0 |     428 |   0.0 |       0 |       9 |   0.0 |   912
           D:5 |       0 |    1435 |   0.0 |       0 |      17 |   0.0 |  1307
           D:6 |       0 |    1432 |   0.0 |       0 |      39 |   0.0 |  1006
           D:7 |       0 |     511 |   0.0 |       0 |       8 |   0.0 |    37
               +---------+---------+-------+---------+---------+-------+---------
